 Dungeon Crawl Stone Soup version 0.20-a0-526-g753eaab (webtiles) character file.

508 Laphicet the Ducker (level 6, 0/32 HPs)
             Began as a Spriggan Warper on Jan 26, 2017.
             Slain by a gnoll
             ... wielding a +0 short sword
              (2 damage)
             ... on level 4 of the Dungeon.
             The game lasted 00:16:12 (5884 turns).

Laphicet the Ducker (Spriggan Warper)               Turns: 5884, Time: 00:16:12

Health: 0/32       AC:  4    Str:  9    XL:     6   Next: 98%
Magic:  10/13      EV: 20    Int: 15    God:
Gold:   224        SH:  0    Dex: 15    Spells: 5/13 levels left

rFire    . . .     SeeInvis +   a - +0 falchion
rCold    . . .     Gourm    .   b - +0 robe
rNeg     . . .     Faith    .   (shield restricted)
rPois    .         Spirit   .   (helmet restricted)
rElec    .         Reflect  .   p - +1 cloak
rCorr    .         Harm     .   (gloves unavailable)
MR       +....                  (boots unavailable)
Stlth    +++.......             (no amulet)
Regen    0.1/turn               (no ring)
                                (no ring)

@: very slightly contaminated, very quick
A: unfitting armour, see invisible, herbivore 3, speed 3, slow metabolism 2
a: no special abilities


You were on level 4 of the Dungeon.
You were not hungry.

You visited 1 branch of the dungeon, and saw 4 of its levels.

You collected 224 gold pieces.

Inventory:

Hand Weapons
 a - a +0 falchion (weapon)
Missiles
 n - 4 arrows
Armour
 b - a +0 robe (worn)
 p - a +1 cloak (worn)
Wands
 e - a wand of random effects (30/48)
 s - a wand of clouds (7/9)
Scrolls
 d - a scroll of blinking
 g - 3 scrolls of magic mapping
 h - 2 scrolls of fear
 i - a scroll of identify
 q - a scroll of immolation
Potions
 j - a potion of brilliance {unknown}
 m - a potion of heal wounds
 o - a potion of resistance
 t - a potion of agility {unknown}
Books
 c - a book of Spatial Translocations

   Spells                             Type                      Level
   a - Blink                          Translocation                2
   b - Shroud of Golubria             Charms/Translocation         2
   c - Lesser Beckoning               Translocation                3
   d - Portal Projectile              Translocation                3
   e - Teleport Other                 Translocation                3
   f - Passage of Golubria            Translocation                4
 l - a book of Changes

   Spells                             Type                      Level
   a - Beastly Appendage              Transmutation                1
   b - Sticks to Snakes               Transmutation                2
   c - Spider Form                    Transmutation/Poison         3
   d - Ice Form                       Ice/Transmutation            4
   e - Blade Hands                    Transmutation                5
 r - a book of Debilitation

   Spells                             Type                      Level
   a - Corona                         Hexes                        1
   b - Slow                           Hexes                        2
   c - Gell's Gravitas                Hexes/Translocation          3
   d - Inner Flame                    Hexes/Fire                   3
   e - Cause Fear                     Hexes                        4
   f - Leda's Liquefaction            Hexes/Earth                  4
Comestibles
 f - 2 bread rations


   Skills:
 + Level 2.9 Fighting
 + Level 2.9 Long Blades
 - Level 1.0 Throwing
 + Level 5.4 Dodging
 + Level 4.1 Stealth
 + Level 4.4 Spellcasting
 - Level 5.3 Translocations
 - Level 2.5 Transmutations


You had 5 spell levels left.
You knew the following spells:

 Your Spells              Type           Power        Failure   Level  Hunger
b - Blink                 Tloc           N/A          3%          2    ##.....
t - Sticks to Snakes      Tmut           ##......     12%         2    ##.....
P - Passage of Golubria   Tloc           N/A          24%         4    ####...


Dungeon Overview and Level Annotations

Branches:
Dungeon (4/15)
 Temple: D:4-7

Altars:
Qazlal
Sif Muna


Innate Abilities, Weirdness & Mutations

You are very small and have problems with some larger weapons.
You are too small for most types of armour.
You have supernaturally acute eyesight. (SInv)
You are a herbivore.
You cover ground extremely quickly.
You need consume almost no food.


Message History

The gnoll misses you.
You riposte.
You barely miss the gnoll.
The gnoll is moderately wounded.
You hit the gnoll.
The gnoll is severely wounded.
The gnoll closely misses you.
You closely miss the gnoll.
The gnoll is severely wounded.
The gnoll hits you with a short sword.
* * * LOW HITPOINT WARNING * * *
You barely miss the gnoll.
The gnoll is severely wounded.
The gnoll drinks a potion.
The gnoll is healed!
You hit the gnoll.
The gnoll is lightly wounded.
The gnoll hits you with a short sword.
* * * LOW HITPOINT WARNING * * *
You hit the gnoll.
The gnoll is moderately wounded.
The gnoll completely misses you. The gnoll hits you with a short sword.
You die...

#. #g##.# #..........#
#.##.##.# #...._.....#
#.......# #.........##
####.#### ####...####
#.##### #E#...#E#
#.#...# ###...###
#....†# ###########.#
###..)####...........#
##....g@.###########
#########


You could see a gnoll.

Vanquished Creatures
  Purgy (D:3)
  2 orc priests (D:4)
  Crazy Yiuf (D:3)
  A bullfrog skeleton (D:4)
  A centaur skeleton (D:4)
  A worker ant (D:4)
  6 adders
  6 gnolls (D:4)
  A shadow imp (D:3)
  An ooze (D:1)
  2 adder skeletons (D:4)
  A worm (D:3)
  5 dart slugs
  6 leopard geckos
  8 orcs
  4 giant cockroaches
  10 goblins
  10 hobgoblins
  4 jackals (D:1)
  5 kobolds
  A quokka (D:4)
  2 ball pythons
  9 bats
  7 frilled lizards
  10 rats
105 creatures vanquished.

Vanquished Creatures (collateral kills)
  A worm (D:2)
1 creature vanquished.

Grand Total: 106 creatures vanquished

Notes
Turn   | Place    | Note
-------+----------+-------------------------------------------
     0 | D:1      | Laphicet the Spriggan Warper began the quest for the Orb.
     0 | D:1      | Reached XP level 1. HP: 10/10 MP: 5/5
    50 | D:1      | Reached skill level 1 in Stealth
    50 | D:1      | Reached XP level 2. HP: 15/15 MP: 6/6
   418 | D:2      | Learned a level 2 spell: Blink
   543 | D:2      | Reached XP level 3. HP: 18/18 MP: 8/8
   812 | D:2      | Learned a level 2 spell: Sticks to Snakes
  1966 | D:1      | Reached XP level 4. HP: 22/23 MP: 9/9
  2415 | D:3      | Noticed Purgy
  2640 | D:3      | Reached skill level 1 in Transmutations
  3126 | D:3      | Found a runed door.
  3326 | D:3      | Found a deep blue altar of Sif Muna.
  3394 | D:3      | Killed Purgy
  3394 | D:3      | Reached skill level 5 in Translocations
  3394 | D:3      | Reached XP level 5. HP: 22/27 MP: 11/11
  4557 | D:3      | Noticed Crazy Yiuf
  4559 | D:3      | Killed Crazy Yiuf
  4559 | D:3      | Reached XP level 6. HP: 32/32 MP: 12/12
  4735 | D:3      | Learned a level 4 spell: Passage of Golubria
  4812 | D:4      | Reached skill level 5 in Dodging
  5714 | D:4      | Noticed a fire elemental
  5716 | D:4      | Found a stormy altar of Qazlal.
  5717 | D:4      | Noticed an air elemental
  5717 | D:4      | Noticed a water elemental
  5884 | D:4      | Slain by a gnoll

Vault maps used:
D:1:      dpeg_arrival_refuge
D:2:      marbit_many_paths, first_bread
D:3:      lemuel_round_altar, serial_forest, infiniplex_forest_corner_2,
          infiniplex_forest_clump_large, infiniplex_forest_straight_1,
          infiniplex_forest_lined_corner, infiniplex_forest_corner_1,
          infiniplex_forest_clump_cross, minmay_cut_off, uniq_purgy,
          uniq_crazy_yiuf_cottage
D:4:      nicolae_qazlal_style_of_elements, chequers_temple_overflow_minitemple

Skill      XL: |  1  2  3  4  5  6 |
---------------+-------------------+-----
Stealth        | 1 2 3 4 |  4.1
Long Blades    | 2 |  2.9
Dodging        | 4 5 |  5.4
Spellcasting   | 3 4 |  4.4
Fighting       | 2 |  2.9
Transmutations | 2 |  2.5
Translocations | 5 |  5.3
Throwing       | |  1.0

Action                   |  1- 3 |  4- 6 || total
-------------------------+-------+-------++-------
Melee: Falchion          |   138 |   292 ||   430
 Cast: Sticks to Snakes  |       |    12 ||    12
Evoke: Wand              |       |     4 ||     4
  Use: Scroll            |       |     8 ||     8
 Stab: Sleeping          |     5 |     5 ||    10
  Eat: Royal jelly       |       |     2 ||     2
Armor: Robe              |    14 |    27 ||    41
Dodge: Dodged            |   150 |   259 ||   409
       Rpst.: Falchion   |    46 |    80 ||   126
